 Dungeon Sprint DCSS version 0.19.0-2-gae57169 (webtiles) character file.

10413 LORDOFBUTT the Unseen (level 11, -4/42 HPs)
             Began as a Spriggan Enchanter on Nov 3, 2016.
             Was the Champion of Dithmenos.
             Slain by a 12-headed hydra (16 damage)
             ... in the Dungeon (Sprint I: "Red Sonja").
             The game lasted 00:07:22 (1850 turns).

LORDOFBUTT the Unseen (Spriggan Enchanter)          Turns: 1850, Time: 00:07:24

Health: -4/42      AC:  3    Str:  3 (4)  XL:     11   Next: 35%
Magic:  26/30      EV: 21    Int: 19      God:    Dithmenos [******]
Gold:   619        SH:  0    Dex: 18      Spells: 3 memorised, 33 levels left

rFire  . . .     SeeInvis +     n - +2 dagger (distort)
rCold  + . .     Gourm    .     b - +1 robe
rNeg   . . .     Faith    .     (shield restricted)
rPois  .         Spirit   .     (helmet restricted)
rElec  .         Reflect  .     (no cloak)
rCorr  .         Harm     .     (gloves unavailable)
MR     +....     NoTele   +     (boots unavailable)
Stlth  ++++++++++               (no amulet)
                                (no ring)
                                q - ring "Tev Puro" {rC+ EV+3}

@: wreathed by umbra, very quick
A: unfitting armour, see invisible, deterioration 1, herbivore 3, speed 3, frail
1, slow metabolism 2
a: Shadow Step, Shadow Form, Renounce Religion


You were in the Dungeon.
You worshipped Dithmenos.
Dithmenos was exalted by your worship.
You were not hungry.

You visited 1 branch You collected 1074 gold pieces.
You spent 455 gold pieces at shops.

Inventory:

Hand Weapons
 l - a +6 blowgun
 n - a +2 dagger of distortion (weapon)
Missiles
 m - 10 curare-tipped needles
 r - 21 stones (quivered)
Armour
 b - a +1 robe (worn)
Jewellery
 q - the ring "Tev Puro" (left hand) {rC+ EV+3}
   (You bought it in a shop in the Dungeon)

   [ring of evasion]

   It affects your evasion (+3).
   It protects you from cold.
Scrolls
 a - a scroll of fear {unknown}
 j - a scroll of blinking
 k - 2 scrolls of magic mapping {unknown}
 p - a scroll of amnesia {unknown}
Potions
 e - 3 potions of curing
 f - a potion of heal wounds
 g - a potion of haste
 h - 2 potions of magic
 i - 2 potions of berserk rage
Books
 c - a book of Maledictions

   Spells                             Type                      Level
   a - Corona                         Hexes                        1
   b - Ensorcelled Hibernation        Hexes/Ice                    2
   c - Confuse                        Hexes                        3
   d - Tukima's Dance                 Hexes                        3
   e - Dazzling Spray                 Conjuration/Hexes            3
Comestibles
 d - a bread ration
 o - 2 fruits


   Skills:
 + Level 13.8 Short Blades
 - Level 3.0 Dodging
 + Level 18.7 Stealth
 + Level 14.9 Spellcasting
 + Level 15.0 Hexes
 + Level 10.6 Ice Magic


You had 33 spell levels left.
You knew the following spells:

 Your Spells              Type           Power        Failure   Level  Hunger
a - Corona                Hex            ######.      0%          1    None
b - Ensorcelled Hibernat  Hex/Ice        ######       1%          2    None
c - Confuse               Hex            ######..     1%          3    None


Dungeon Overview and Level Annotations

Branches:
Dungeon (1/1)

Altars:
Cheibriados
Dithmenos
Elyvilon
Fedhas
Gozag
Hepliaklqana
Kikubaaqudgha
Makhleb
Nemelex Xobeh
Okawaru
Qazlal
Ru
Sif Muna
Trog
Uskayaw
Vehumet
Xom
Yredelemnul
Zin
The Shining One
Jiyva
Lugonu

Shops:
D (%!=:=[


Innate Abilities, Weirdness & Mutations

You are very small and have problems with some larger weapons.
You are too small for most types of armour.
You have supernaturally acute eyesight. (SInv)
You are a herbivore.
You cover ground extremely quickly.
You need consume almost no food.
Your body sometimes deteriorates upon taking damage.
You are frail. (-10% HP)


Message History

The 12-headed hydra easily resists.
Casting: Ensorcelled Hibernation
Confirm with . or Enter, or press ? or * to list all spells.
Aiming: Ensorcelled Hibernation
Press: ? - help, Shift-Dir - straight line, f/p - 12-headed hydra
Aim: a 12-headed hydra (purple smoke, umbra, chance to defeat MR: 37%)
The 12-headed hydra easily resists.
Your shadow mimicks your spell!
The 12-headed hydra resists with almost no effort.
The 12-headed hydra bites you!
You emit a cloud of dark smoke.
The 12-headed hydra misses you. The 12-headed hydra bites you.
Your body deteriorates!
You feel weakened.
The 12-headed hydra completely misses you.
The 12-headed hydra bites you!
* * * LOW HITPOINT WARNING * * *
You emit a cloud of dark smoke.
The 12-headed hydra completely misses you.
The 12-headed hydra misses you. The 12-headed hydra closely misses you.
The 12-headed hydra barely misses you. The 12-headed hydra bites you!
You die...

########################
.'..)#..#§§..§§§@DG.'.$#
.#...##'#§####§§§§§##$.+
##)..'..#§# ##§§§## ##
§#####.§§.# ###+#
§#..##+#### §§§†#.^.
§#..#..§§ ###'###§9§
###§+ ..§#


You could see a 12-headed hydra and a floating eye.

Vanquished Creatures
  2 centaur warriors (D)
  Sonja (D)
  A deep troll (D)
  A lindwurm (D)
  An oklob plant (D)
  7 shining eyes (D)
  4 demonic crawlers (D)
  2 kobold demonologists (D)
  A hornet (D)
  A slime creature (D)
  Sigmund (D)
  A yak (D)
  13 hogs (D)
  3 floating eyes (D)
  An ogre (D)
  A jelly (D)
  Ijyb (D)
  A ballistomycete (D)
  A ballistomycete spore (D)
44 creatures vanquished.

Vanquished Creatures (others)
  A floating eye (D)
  2 ballistomycetes (D)
  A ballistomycete spore (D)
4 creatures vanquished.

Grand Total: 48 creatures vanquished

Notes
Turn   | Place    | Note
-------+----------+-------------------------------------------
     0 | D        | LORDOFBUTT the Spriggan Enchanter began the quest for the Orb.
     0 | D        | Reached XP level 1. HP: 9/9 MP: 5/5
     1 | D        | Noticed Ijyb
    30 | D        | Killed Ijyb
    30 | D        | Reached skill level 6 in Stealth
    30 | D        | Reached skill level 5 in Hexes
    30 | D        | Reached XP level 2. HP: 5/13 MP: 6/8
    34 | D        | Learned a level 2 spell: Ensorcelled Hibernation
   220 | D        | Noticed an ogre
   223 | D        | Killed an ogre
   223 | D        | Reached skill level 8 in Stealth
   223 | D        | Reached skill level 5 in Spellcasting
   223 | D        | Reached XP level 3. HP: 16/16 MP: 7/11
   223 | D        | Reached XP level 4. HP: 21/21 MP: 7/12
   269 | D        | Noticed Sigmund
   274 | D        | Killed Sigmund
   274 | D        | Reached skill level 9 in Stealth
   274 | D        | Reached XP level 5. HP: 24/24 MP: 10/15
   420 | D        | Found a deep blue altar of Sif Muna.
   422 | D        | Found a radiant altar of Vehumet.
   426 | D        | Reached skill level 10 in Stealth
   426 | D        | Reached XP level 6. HP: 28/28 MP: 17/17
   459 | D        | Found Zier's Jewellery Emporium.
   459 | D        | Found an ancient bone altar of Kikubaaqudgha.
   459 | D        | Found a hazy altar of Hepliaklqana.
   459 | D        | Found a stormy altar of Qazlal.
   459 | D        | Found a hide-covered altar of Uskayaw.
   459 | D        | Found a blossoming altar of Fedhas.
   459 | D        | Found a bloodstained altar of Trog.
   459 | D        | Found an iron altar of Okawaru.
   459 | D        | Found a basalt altar of Yredelemnul.
   459 | D        | Found a glowing golden altar of the Shining One.
   459 | D        | Found a snail-covered altar of Cheibriados.
   459 | D        | Found a sacrificial altar of Ru.
   459 | D        | Found a glowing silver altar of Zin.
   459 | D        | Found a shadowy altar of Dithmenos.
   459 | D        | Found a white marble altar of Elyvilon.
   459 | D        | Noticed a yak
   462 | D        | Killed a yak
   462 | D        | Reached skill level 11 in Stealth
   463 | D        | Found an opulent altar of Gozag.
   464 | D        | Found a sparkling altar of Nemelex Xobeh.
   470 | D        | Became a worshipper of Dithmenos the Shadowed
   490 | D        | Found a burning altar of Makhleb.
   490 | D        | Found a viscous altar of Jiyva.
   490 | D        | Found a shimmering altar of Xom.
   490 | D        | Found a corrupted altar of Lugonu.
   490 | D        | Noticed a slime creature
   493 | D        | Killed a slime creature
   493 | D        | Reached skill level 5 in Ice Magic
   493 | D        | Reached XP level 7. HP: 18/32 MP: 16/20
   656 | D        | Noticed a kobold demonologist
   657 | D        | Noticed a kobold demonologist
   659 | D        | Reached skill level 12 in Stealth
   660 | D        | Killed a kobold demonologist
   660 | D        | Reached * piety under Dithmenos
   660 | D        | Reached skill level 10 in Hexes
   662 | D        | Killed a kobold demonologist
   662 | D        | Reached skill level 13 in Stealth
   662 | D        | Reached skill level 10 in Spellcasting
   662 | D        | Reached XP level 8. HP: 36/36 MP: 21/23
   685 | D        | Noticed Sonja
   690 | D        | Killed Sonja
   690 | D        | Reached skill level 14 in Stealth
   718 | D        | Found Yckynk's Weapon Boutique.
   770 | D        | Noticed a demonic crawler
   770 | D        | Noticed a demonic crawler
   770 | D        | Noticed a demonic crawler
   770 | D        | Noticed a demonic crawler
   772 | D        | Killed a demonic crawler
   772 | D        | Reached ** piety under Dithmenos
   772 | D        | Reached skill level 10 in Short Blades
   772 | D        | Reached XP level 9. HP: 39/39 MP: 25/25
   773 | D        | Killed a demonic crawler
   775 | D        | Killed a demonic crawler
   776 | D        | Killed a demonic crawler
   776 | D        | Reached *** piety under Dithmenos
   776 | D        | Reached skill level 15 in Stealth
   786 | D        | Noticed a lindwurm
   791 | D        | Killed a lindwurm
   830 | D        | Noticed a gargoyle
   854 | D        | Noticed a centaur warrior
   854 | D        | Noticed a centaur warrior
   859 | D        | Killed a centaur warrior
   859 | D        | Reached skill level 16 in Stealth
   859 | D        | Reached XP level 10. HP: 5/44 MP: 20/27
   862 | D        | Killed a centaur warrior
   862 | D        | Reached **** piety under Dithmenos
  1259 | D        | Noticed an oklob plant
  1261 | D        | Killed an oklob plant
  1283 | D        | Noticed a deep troll
  1285 | D        | Killed a deep troll
  1285 | D        | Reached skill level 17 in Stealth
  1290 | D        | Learned a level 3 spell: Confuse
  1301 | D        | Found Cuton's Armour Emporium.
  1430 | D        | Noticed a shining eye
  1430 | D        | Noticed a shining eye
  1430 | D        | Noticed a shining eye
  1430 | D        | Noticed a shining eye
  1430 | D        | Noticed a shining eye
  1430 | D        | Noticed a shining eye
  1431 | D        | Noticed a shining eye
  1431 | D        | Noticed a shining eye
  1432 | D        | Killed a shining eye
  1433 | D        | Killed a shining eye
  1435 | D        | Killed a shining eye
  1436 | D        | Reached ***** piety under Dithmenos
  1443 | D        | Killed a shining eye
  1445 | D        | Killed a shining eye
  1445 | D        | Reached skill level 10 in Ice Magic
  1445 | D        | Reached XP level 11. HP: 43/47 MP: 17/30
  1447 | D        | Paralysed by a floating eye for 3 turns
  1448 | D        | Gained mutation: You are frail. (-10% HP) [a shining eye]
  1451 | D        | Gained mutation: Your body sometimes deteriorates upon taking damage. [a shining eye]
  1461 | D        | Killed a shining eye
  1461 | D        | Reached skill level 18 in Stealth
  1466 | D        | Killed a shining eye
  1517 | D        | Found Risy's Food Shoppe.
  1517 | D        | Found Ahudeach's Book Shop.
  1517 | D        | Found Sifaudan's Distillery.
  1517 | D        | Found Faylu's Jewellery Boutique.
  1551 | D        | Bought the ring "Tev Puro" {rC+ EV+3} for 455 gold pieces
  1613 | D        | Reached ****** piety under Dithmenos
  1629 | D        | Reached skill level 15 in Hexes
  1845 | D        | Noticed a 12-headed hydra
  1850 | D        | Slain by a 12-headed hydra

Skill      XL: |  1  2  3  4  5  6  7  8  9 10 11 |
---------------+----------------------------------+-----
Short Blades   | 3 4 6 7 9 10 11 13 | 13.8
Stealth        | 6 8 9 10 11 13 14 16 17 18 | 18.7
Spellcasting   | 4 5 7 9 10 11 12 14 | 14.9
Hexes          | 5 6 7 9 10 11 12 14 15 | 15.0
Ice Magic      | 2 3 4 5 6 7 8 10 | 10.6
Dodging        | |  3.0

Action                   |  1- 3 |  4- 6 |  7- 9 | 10-12 || total
-------------------------+-------+-------+-------+-------++-------
Melee: Dagger            |    28 |     5 |    10 |    59 ||   102
Throw: Stone             |       |       |       |     1 ||     1
 Cast: Ensorcelled Hiber |     1 |     3 |     4 |    21 ||    29
Invok: Shadow Step       |       |       |       |     3 ||     3
 Stab: Sleeping          |     2 |     4 |    10 |    23 ||    39
Armor: Robe              |     3 |       |       |     1 ||     4
Dodge: Dodged            |    18 |     2 |     8 |    17 ||    45
